 Dungeon Crawl Stone Soup version 0.14-a0-1029-g9530a8b (webtiles) character file.

330 PolkaDot the Ruinous (level 5, -4/35 HPs)
             Began as a Vampire Conjurer on Nov 23, 2013.
             Killed by divine providence
             ... invoked by an orc priest
              (11 damage)
             ... on Level 4 of the Dungeon.
             The game lasted 00:11:04 (3585 turns).

PolkaDot the Ruinous (Vampire Conjurer)             Turns: 3585, Time: 00:11:06

HP  -4/35        AC  2     Str  7      XL: 5   Next: 75%
MP   3/9         EV 12     Int 18      God:
Gold 96          SH  0     Dex 14      Spells:  2 memorised,  3 levels left

Res.Fire  : . . .   See Invis. : +   k - +2 dagger (drain)
Res.Cold  : + . .   Warding    : .   a - +0 robe
Life Prot.: + + .   Conserve   : .   (no shield)
Res.Poison: +       Res.Corr.  : .   (no helmet)
Res.Elec. : .       Clarity    : .   (no cloak)
Sust.Abil.: . .     Spirit.Shd : .   (no gloves)
Res.Mut.  : .       Stasis     : .   (no boots)
Res.Rott. : +       Flight     : .   (no amulet)
Saprovore : . . .                    (no ring)
                                     (no ring)

@: regenerating slowly, very slightly contaminated, slightly resistant to
hostile enchantments, stealthy
A: fangs 3, see invisible, unbreathing
a: Bat Form


You were on level 4 of the Dungeon.
You were very thirsty.

You visited 1 branch of the dungeon, and saw 4 of its levels.

You collected 96 gold pieces.

Inventory:

Hand weapons
 k - a +2,+2 dagger of draining (weapon)
Armour
 a - a +0 robe (worn)
Scrolls
 d - a scroll of curse armour {unknown}
 e - a scroll of identify {unknown}
 f - a scroll of noise {unknown}
 g - 3 scrolls of enchant armour {unknown}
 h - a scroll of recharging {unknown}
 l - a scroll of curse weapon
 m - a scroll of remove curse
Jewellery
 j - an uncursed ring of flight {unknown}
Potions
 b - a potion of curing
Books
 c - a book of Conjurations

   Spells                             Type                      Level
   *Magic Dart                        Conjuration                  1
   *Searing Ray                       Conjuration                  2
   Dazzling Spray                     Conjuration/Hexes            3
   Iskenderun's Mystic Blast          Conjuration                  4
   Iskenderun's Battlesphere          Conjuration/Charms           4
   Fulminant Prism                    Conjuration/Hexes            5


   Skills:
 - Level 2.1 Dodging
 - Level 3.0 Stealth
 - Level 1.0 Spellcasting
 * Level 5.3 Conjurations


You had 3 spell levels left.
You knew the following spells:

 Your Spells              Type           Power        Failure   Level  Hunger
s - Searing Ray           Conj           ###...       3%          2    ###....
z - Magic Dart            Conj           ###.         1%          1    ##.....


Dungeon Overview and Level Annotations

Branches:
Dungeon (4/16)
 Temple: D:4-7

Altars:
Xom


Innate Abilities, Weirdness & Mutations

You heal slowly.
You have razor-sharp teeth.*
You have supernaturally acute eyesight.
You can survive without breathing.*


Message History

The orc shouts!
The gnoll shouts!
The orc wizard shouts!
You hear a bark!
The orc closely misses you.
A jackal and a gnoll come into view.
Read which item? (? for menu, Esc to quit)
As you read the scroll labeled VECKEI TWAONO, it crumbles to dust.
You feel as if something is helping you.
It was a scroll of remove curse.
The orc closely misses you.
The orc wizard hits you with an orcish dagger.
* * * LOW HITPOINT WARNING * * *
Read which item? (? for menu, Esc to quit)
As you read the scroll labeled CRAIDIFYRI, it crumbles to dust.
Use on which item? (\ to view known items) (? for menu, Esc to quit)
Nothing appears to happen.
The orc shouts!
The orc hits you but does no damage. The orc hits you.
* * * LOW HITPOINT WARNING * * *
The orc wizard closely misses you.
The orc priest mumbles some strange prayers to Beogh against you.
Something smites you!
You die...

. .. # ##
.. #.# #.
h# ).... ..
#.#. .##
.h. h.#
##.#.#z#o##
#..g.gg@o.#
##.#.#o#o##
... .|#
#.#. o##
...o. .#
... .. .. .
..o .. ...
.. . $


You could see an orc priest, 2 orc wizards, 3 gnolls, 4 orcs, 3 jackals and a
jackal skeleton.

Vanquished Creatures
  The ghost of Zurvan the Shield-Bearer, an average MiFi (D:3)
  An orc priest (D:3)
  A giant mite (D:1)
  A worm (D:2)
  3 giant geckos
  11 orcs (D:3)
  4 adders
  5 bats
  6 giant cockroaches
  7 hobgoblins
  9 kobolds
  A ball python (D:1)
  2 giant newts (D:2)
  10 goblins
  A quokka (D:3)
  6 rats
69 creatures vanquished.

Notes
Turn   | Place    | Note
--------------------------------------------------------------
     0 | D:1      | PolkaDot, the Vampire Conjurer, began the quest for the Orb.
     0 | D:1      | Reached XP level 1. HP: 13/13 MP: 4/4
   248 | D:1      | Reached XP level 2. HP: 16/19 MP: 0/5
  1344 | D:1      | Reached XP level 3. HP: 22/24 MP: 6/6
  1663 | D:2      | Learned a level 2 spell: Searing Ray
  1734 | D:2      | Reached skill level 4 in Conjurations
  2045 | D:2      | Reached XP level 4. HP: 22/30 MP: 1/8
  2849 | D:3      | Noticed Zurvan's ghost (average MiFi)
  3280 | D:3      | Killed Zurvan's ghost
  3280 | D:3      | Reached skill level 5 in Conjurations
  3280 | D:3      | Reached XP level 5. HP: 25/35 MP: 9/9
  3350 | D:3      | Found a shimmering altar of Xom.
  3585 | D:4      | Killed from afar by an orc priest

Action                   |  1- 3 |  4- 6 || total
-------------------------+-------+-------++-------
Melee: Unarmed           |    36 |       ||    36
       Dagger            |    25 |    27 ||    52
 Cast: Magic Dart        |    70 |    33 ||   103
       Searing Ray       |       |     7 ||     7
  Use: Potion            |       |     5 ||     5
       Scroll            |       |     3 ||     3
 Stab: Invisible         |       |     8 ||     8
